 Dungeon Sprint DCSS version bcrawl-1.39.1 (console) character file.

Game seed: 11284917744767862949

558226 Lexodia the Unseen (level 8, -17/54 HPs)
             Began as a Felid Enchanter on Aug 2, 2023.
             Was a Follower of Uskayaw.
             Demolished by a spriggan defender
             ... wielding a +0 dagger
              (27 damage)
             ... in the Dungeon (Sprint III: "The Ten Rune Challenge").
             The game lasted 00:04:59 (463 turns).

Lexodia the Unseen (Felid Enchanter)                 Turns: 463, Time: 00:04:59

Health: -17/54     AC:  2    Str:  9    XL:     8   Next: 41%
Magic:  15/17      EV: 18    Int: 16    God:    Uskayaw [*.....]
Gold:   50         SH:  0    Dex: 19    Spells: 7/13 levels left
                                        Lives:  0   Deaths: 2

rFire    . . .     GDR:     30%   - Teeth and claws (18.4)
rCold    . . .     SeeInvis +   (shield unavailable)
rNeg     . . .     Gourm    .   (armour unavailable)
rPois    .         Faith    .   (helmet unavailable)
rElec    .         Spirit   .   (cloak restricted)
rCorr    .         Reflect  .   (gloves unavailable)
MR       +....     NoTele   +   (boots unavailable)
Stlth    ..........             (no amulet)
HPRegen  0.19/turn              (no ring)
MPRegen  0.15/turn              (no ring)

@: berserking, very quick
A: very small, no armour, no weapons or thrown items, stealth, claws 1, fangs 3,
see invisible, carnivore, speed 1, shaggy fur 2, slow metabolism 1, sharp paws
a: Stomp, Renounce Religion


You were in the Dungeon.
You worshipped Uskayaw.
Uskayaw was aware of your devotion.
You were not hungry.

You visited 1 branch You collected 50 gold pieces.

Inventory:

Scrolls
 i - 2 scrolls of identify
 j - a scroll of blinking
 l - a scroll of immolation {unknown}
 n - 3 scrolls of remove curse
 p - a scroll of torment {unknown}
Potions
 a - 8 potions of mutation
 d - 2 potions of curing
 g - a potion of haste
 h - 2 potions of magic
 k - a potion of might
 m - a potion of berserk rage
 o - 3 potions of flight
Miscellaneous
 q - a phial of floods
Comestibles
 e - 5 rations {!d}


   Skills:
 - Level 2.6 Dodging
 + Level 17.0 Stealth
 + Level 14.0 Unarmed Combat
 - Level 3.0 Spellcasting
 - Level 6.0 Hexes
 - Level 3.0 Ice Magic
 * Level 11.9 Invocations


You had 7 spell levels left.
You knew the following spells:

 Your Spells              Type           Power        Failure   Level  Hunger
a - Slow                  Hex            ###.....     1%          1    None
b - Ensorcelled Hibernat  Hex/Ice        ###...       4%          2    #......
c - Confuse               Hex            ###.....     4%          3    ####...

Your spell library contained the following spells:

 Spells                   Type           Power        Failure   Level  Hunger
 Corona                   Hex            ###....      1%          1    None
 Tukima's Dance           Hex            ###.....     4%          3    ####...
 Dazzling Orbs            Conj/Hex       ##.....      16%         3    ####...
 Cause Fear               Hex            ###.......   16%         4    #####..
 Apportation              Tloc           #.....       19%         1    None
 Infusion                 Chrm           #.......     19%         1    None
 Magic Dart               Conj           #...         19%         1    None
 Sandblast                Erth           #.....       19%         1    None
 Summon Butterflies       Summ           #.......     19%         1    None
 Blink                    Tloc           N/A          28%         2    #......
 Call Imp                 Summ           #.....       28%         2    #......
 Conjure Flame            Conj/Fire      #.......     50%         3    ####...
 Mephitic Cloud           Conj/Pois/Air  #.......     50%         3    ####...
 Spider Form              Tmut/Pois      #..          50%         3    ####...


Dungeon Overview and Level Annotations

Branches:
Dungeon (1/1)

Altars:
Cheibriados
Dithmenos
Elyvilon
Fedhas
Gozag
Hepliaklqana
Kikubaaqudgha
Lugonu
Makhleb
Nemelex Xobeh
Okawaru
Qazlal
Ru
Sif Muna
Trog
Uskayaw
Vehumet
Wu Jian
Xom
Yredelemnul
Zin
The Shining One
Jiyva


Innate Abilities, Weirdness & Mutations

You cannot wear almost all types of armour.
You are incapable of wielding weapons or throwing items.
Your paws allow you to move quietly. (Stealth)
You have sharp claws.
You have razor-sharp teeth.
You have supernaturally acute eyesight. (SInv)
You are carnivorous and can eat meat at any time.
You cover ground quickly.
You are covered in thick fur. (AC +2)
You have a slow metabolism.
Your sharp claws are effective at attacking unaware monsters.


Message History

You resist with significant effort.
A red film seems to cover your vision as you go berserk!
You feel yourself moving faster!
You feel mighty!
The spriggan defender hits the plant with a +0 dagger.
You claw the orc priest!
You kill the orc priest!
The spriggan defender barely misses you.
The spriggan defender hits you with a +0 dagger!
* * * LOW HITPOINT WARNING * * *
You can now stomp with the beat.
You miss the spriggan defender. The spriggan defender misses you.
The spriggan defender hits you with a +0 dagger.
* * * LOW HITPOINT WARNING * * *
The spriggan defender barely misses you.
The spriggan defender misses you.
You closely miss the spriggan defender.
The spriggan defender barely misses you.
The spriggan defender hits you with a +0 dagger!!
Ouch! That really hurt!
You die...

#..o.P#+###≈≈
#..4.P#..○# ≈
#'#####...###
#o....+...')#
#o###########
#.#%PP.....
#.#§P§§§..#
#§#Pii.§#
#§#i@i# #
#§#§###§§
#§#§#..§§
#§#§§§§
#.#.§§.§
#.....§.§
#########


You could see 4 spriggan defenders.

Vanquished Creatures
  Erolcha (D)
  A skeletal warrior (D)
  A deep elf mage (D)
  An orc high priest (D)
  A shadow (D)
  A redback (D)
  A spatial vortex (D)
  A necrophage (D)
  5 two-headed ogres (D)
  A water elemental (D)
  2 orc priests (D)
  A jelly (D)
  Crazy Yiuf (D)
  Jessica (D)
  A wizard (D)
  A necromancer (D)
  3 humans (D)
  A kobold demonologist (D)
  An ooze (D)
  2 rats (D)
28 creatures vanquished.

Vanquished Creatures (others)
  4 plants (D)
4 creatures vanquished.

Grand Total: 32 creatures vanquished

Notes
Turn   | Place    | Note
-------+----------+-------------------------------------------
     0 | D        | Lexodia the Felid Enchanter began the quest for the Orb.
     0 | D        | Reached XP level 1. HP: 9/9 MP: 4/4
    28 | D        | Noticed Jessica
    29 | D        | Reached skill level 6 in Stealth
    29 | D        | Reached skill level 5 in Hexes
    29 | D        | Reached XP level 2. HP: 13/13 MP: 7/7
    33 | D        | Learned a level 2 spell: Ensorcelled Hibernation
    37 | D        | Killed Jessica
    63 | D        | Reached XP level 3. HP: 16/16 MP: 8/8
    63 | D        | Noticed Crazy Yiuf
    64 | D        | Reached skill level 7 in Stealth
    66 | D        | Killed Crazy Yiuf
    78 | D        | Learned a level 3 spell: Confuse
   100 | D        | Noticed a water elemental
   101 | D        | Reached skill level 8 in Stealth
   101 | D        | Reached skill level 5 in Unarmed Combat
   101 | D        | Reached skill level 1 in Ice Magic
   101 | D        | Reached XP level 4. HP: 21/21 MP: 9/9
   103 | D        | Killed a water elemental
   110 | D        | Found a radiant altar of Vehumet.
   111 | D        | Found a shimmering blue altar of Sif Muna.
   111 | D        | Found an ancient bone altar of Kikubaaqudgha.
   111 | D        | Noticed a wizard
   112 | D        | Killed a wizard
   125 | D        | Found a glowing silver altar of Zin.
   125 | D        | Found a glowing golden altar of the Shining One.
   125 | D        | Found a white marble altar of Elyvilon.
   126 | D        | Noticed a deep elf mage
   127 | D        | Reached skill level 12 in Stealth
   127 | D        | Reached XP level 5. HP: 24/24 MP: 10/10
   127 | D        | Gained mutation: You are covered in thick fur. (AC +2)
                  | [Felid growth]
   127 | D        | Reached XP level 6. HP: 28/28 MP: 11/11
   128 | D        | Killed a deep elf mage
   136 | D        | Found a hide-covered altar of Uskayaw.
   136 | D        | Found a roughly hewn altar of Beogh.
   136 | D        | Found an iron altar of Okawaru.
   136 | D        | Found a bloodstained altar of Trog.
   136 | D        | Found an ornate altar of the Wu Jian Council.
   136 | D        | Noticed a human
   137 | D        | Reached skill level 13 in Stealth
   137 | D        | Reached skill level 10 in Unarmed Combat
   137 | D        | Noticed a human
   138 | D        | Reached skill level 14 in Stealth
   138 | D        | Reached XP level 7. HP: 32/32 MP: 12/12
   139 | D        | Killed a human
   140 | D        | Killed a human
   152 | D        | Became a worshipper of Uskayaw the Reveler
   222 | D        | Found a basalt altar of Yredelemnul.
   222 | D        | Found a shadowy altar of Dithmenos.
   222 | D        | Found a sacrificial altar of Ru.
   224 | D        | Reached * piety under Uskayaw
   225 | D        | Reached ** piety under Uskayaw
   232 | D        | Noticed a shadow
   246 | D        | Reached *** piety under Uskayaw
   247 | D        | Killed a shadow
   256 | D        | Reached **** piety under Uskayaw
   261 | D        | Found a blossoming altar of Fedhas.
   261 | D        | Found a stormy altar of Qazlal.
   261 | D        | Found a snail-covered altar of Cheibriados.
   261 | D        | Found a burning altar of Makhleb.
   261 | D        | Found a shimmering altar of Xom.
   261 | D        | Noticed a spatial vortex
   262 | D        | Found a hazy altar of Hepliaklqana.
   262 | D        | Found an opulent altar of Gozag.
   262 | D        | Found a sparkling altar of Nemelex Xobeh.
   262 | D        | Found a corrupted altar of Lugonu.
   262 | D        | Found a viscous altar of Jiyva.
   263 | D        | Killed a spatial vortex
   291 | D        | Reached skill level 5 in Invocations
   304 | D        | Noticed a two-headed ogre
   305 | D        | Reached skill level 15 in Stealth
   305 | D        | Reached XP level 8. HP: 36/36 MP: 12/14
   306 | D        | Killed a two-headed ogre
   318 | D        | Noticed Erolcha
   319 | D        | Noticed a two-headed ogre
   321 | D        | Killed Erolcha
   322 | D        | Killed a two-headed ogre
   326 | D        | Reached skill level 16 in Stealth
   335 | D        | HP: 1/36 [poisoned by a redback]
   335 | D        | Mangled by a redback
   336 | D        | Reached XP level 7. HP: -10/32 MP: 13/15
   336 | D        | Noticed an orc high priest
   337 | D        | Reached skill level 10 in Invocations
   337 | D        | Reached XP level 8. HP: 36/36 MP: 16/16
   337 | D        | Noticed an orc high priest
   351 | D        | Noticed an orange demon
   357 | D        | Killed from afar by an orc priest
   358 | D        | Reached XP level 7. HP: -8/32 MP: 11/15
   362 | D        | Noticed a skeletal warrior
   364 | D        | Killed a skeletal warrior
   441 | D        | Noticed a rust devil
   447 | D        | Killed an orc high priest
   456 | D        | Noticed a spriggan defender
   457 | D        | Reached XP level 8. HP: 24/36 MP: 14/17
   457 | D        | Noticed a spriggan defender
   457 | D        | Noticed a spriggan defender
   457 | D        | Noticed a spriggan defender
   458 | D        | Reached skill level 17 in Stealth
   463 | D        | Demolished by a spriggan defender

Skill      XL: |  1  2  3  4  5  6  7  8 |
---------------+-------------------------+-----
Unarmed Combat | 3 5 9 11 12 14 | 14.0
Stealth        | 6 8 12 14 15 17 | 17.0
Spellcasting   | 3 |  3.0
Hexes          | 5 6 |  6.0
Ice Magic      | 1 3 |  3.0
Invocations    | 11 9 | 11.9
Dodging        | |  2.6

Action                   |  1- 3 |  4- 6 |  7- 9 || total
-------------------------+-------+-------+-------++-------
Melee: Unarmed           |     8 |     4 |    53 ||    65
       Bite              |       |       |     4 ||     4
       Punch             |       |       |     2 ||     2
 Cast: Ensorcelled Hiber |     2 |       |       ||     2
Invok: Stomp             |       |       |     3 ||     3
       Line Pass         |       |       |     1 ||     1
 Abil: Lunge             |       |       |     4 ||     4
  Use: Potion            |       |       |     4 ||     4
       Scroll            |       |       |     1 ||     1
 Stab: Sleeping          |     5 |     4 |    13 ||    22
       Invisible         |       |       |     1 ||     1
Dodge: Dodged            |     5 |       |    41 ||    46
